 Dungeon Crawl Stone Soup version 0.25-a0-577-ga4619f409e (webtiles) character file.

Game seed: 12428121349571086365, levelgen mode: deterministic

6149 Flugslaktarn the Cleaver (level 10, -1/92 HPs)
             Began as a Deep Dwarf Fighter on Mar 2, 2020.
             Was an Elder of Makhleb.
             Slain by a skeletal warrior
             ... wielding a +0 trident
             ... led by a skeletal warrior
              (13 damage)
             ... on level 11 of the Dungeon.
             The game lasted 00:04:52 (5562 turns).

Flugslaktarn the Cleaver (Deep Dwarf Fighter)       Turns: 5562, Time: 00:04:53

Health: -1/92      AC: 21    Str: 23    XL:     10   Next: 59%
Magic:  11/11      EV:  7    Int:  9    God:    Makhleb [****..]
Gold:   450        SH:  0    Dex: 12    Spells: 9/9 levels left

rFire    + . .     SeeInvis .   f - +6 executioner's axe of Sunlight {drain, rElec}
rCold    + . .     Gourm    .   (shield currently unavailable)
rNeg     . . .     Faith    .   u - +0 plate armour
rPois    .         Spirit   .   (no helmet)
rElec    +         Reflect  .   I - scarf {rC+ rF+}
rCorr    .         Harm     .   n - +2 pair of gloves
MR       +....                  (no boots)
Stlth    ..........             (no amulet)
HPRegen  0.00/turn              p - +5 ring of protection
MPRegen  0.12/turn              (no ring)

@: about to teleport, non-regenerating, lightly drained
A: damage resistance, heal wounds, sense surroundings 2, no regeneration
a: Heal Wounds, Minor Destruction, Lesser Servant of Makhleb, Major Destruction,
Renounce Religion


You were on level 11 of the Dungeon.
You worshipped Makhleb.
Makhleb was greatly pleased with you.
You were not hungry.

You visited 2 branches of the dungeon, and saw 12 of its levels.

You collected 450 gold pieces.

Inventory:

Hand Weapons
 a - a +1 war axe of electrocution
 f - the +6 executioner's axe of Sunlight (weapon) {drain, rElec}
   (You acquired it on level 7 of the Dungeon)

   A truly terrible weapon, it drains the life of those it strikes.
   It insulates you from electricity.
Missiles
 H - 2 throwing nets (quivered)
Armour
 n - a +2 pair of gloves (worn)
   (You found it on level 4 of the Dungeon)
 u - a +0 plate armour (worn)
   (You found it on level 5 of the Dungeon)
 I - a scarf of resistance (worn)
   (You found it on level 7 of the Dungeon)
Jewellery
 p - a +5 ring of protection (left hand)
   (You found it on level 8 of the Dungeon)
Wands
 g - a wand of paralysis (6)
   (You found it on level 8 of the Dungeon)
 o - a wand of acid (17)
   (You found it on level 5 of the Dungeon)
 v - a wand of digging (7)
   (You found it on level 4 of the Dungeon)
 y - a wand of iceblast (8)
   (You found it on level 10 of the Dungeon)
Scrolls
 c - 2 scrolls of magic mapping
 h - a scroll of fear
 j - a scroll of enchant armour
 k - 3 scrolls of enchant weapon
 r - 2 scrolls of identify
 t - a scroll of teleportation
 x - 2 scrolls of remove curse
 C - a scroll of immolation
Potions
 d - 2 potions of might
 i - a potion of ambrosia {unknown}
 l - 3 potions of flight
 m - 2 potions of stabbing
 q - a potion of magic
 s - a potion of resistance {unknown}
 w - 3 potions of heal wounds
 z - a potion of degeneration {unknown}
 F - a potion of curing {unknown}
 G - a potion of lignification {unknown}
Comestibles
 b - 2 chunks of flesh
 e - 18 rations


   Skills:
 + Level 6.9(6.4) Fighting
 * Level 10.9(10.3) Axes
 + Level 8.3(7.8) Armour
   Level 6.2(5.8) Shields
 + Level 8.5(8.0) Invocations


You had 9 spell levels left.
You didn't know any spells.
Your spell library was empty.

Dungeon Overview and Level Annotations

Branches:
Dungeon (11/15)            Temple (1/1) D:4             Orc (0/2) D:9
   Lair: D:8-11

Altars:
Ashenzari
Cheibriados
Dithmenos
Elyvilon
Kikubaaqudgha
Makhleb
Nemelex Xobeh
Okawaru
Qazlal
Sif Muna
Vehumet
Wu Jian
Xom
Zin
The Shining One

Shops:
D:6 :   D:7 [


Innate Abilities, Weirdness & Mutations

You are resistant to damage.
You can heal yourself by infusing magical energy.
You passively map the area around you.
You do not regenerate.


Message History

The orc priest calls down the wrath of Beogh upon you.
Beogh smites you!
* * * LOW HITPOINT WARNING * * *
The orc wizard mumbles some strange words.
The orc wizard flickers and vanishes!
Deactivating autopickup; reactivate with Ctrl-A.
Found a shimmering blue altar of Sif Muna.
Your magical essence is drained by the effort!
You feel much better.
The skeletal warrior hits you with a +0 war axe!
* * * LOW HITPOINT WARNING * * *
The skeletal warrior hits you from afar with a +0 trident!
* * * LOW HITPOINT WARNING * * *
A puff of flame appears from out of thin air!
The puff of flame hits you. You resist.
As you read the scroll of teleportation, it crumbles to dust.
You feel strangely unstable.
The skeletal warrior hits you but does no damage.
The skeletal warrior hits you from afar with a +0 trident!
You die...

,, , ,
##.......##>.G..... ,
,##..o......##.......
* ,
#..Oz≈≈≈....#....... ,
##.z.≈≈≈≈≈...##......
* * * ,
#...≈≈...≈≈...*......
*
,#..z§≈§>.≈≈...*......
* , #.zz≈§...≈≈... , ,
,* **##..z≈§≈≈≈...# ,
#..@.≈≈≈.... ,,, , ***
##......... ,
,##.......# , , * *
###...###, , , ,
._.#,, ...# , , , * *
* , * ### , * , , , ,
,


You could see 5 skeletal warriors, a wight and an orc priest.

Vanquished Creatures
  Pikel (D:4)
  A gargoyle (D:9)
  3 hippogriffs
  3 yaks (D:11)
  2 hungry ghosts (D:9)
  A warg (D:9)
  A water moccasin (D:9)
  4 ice beasts
  3 orc warriors
  A sky beast (D:10)
  2 phantoms
  8 ogres
  A crocodile (D:9)
  A centaur (D:6)
  A big kobold (D:8)
  3 bullfrogs
  A gnoll sergeant (D:7)
  3 scorpions
  6 wights
  A howler monkey (D:10)
  A bullfrog zombie (D:8)
  7 crimson imps
  A jelly (D:11)
  A bullfrog skeleton (D:5)
  6 hounds
  2 orc priests
  6 orc wizards
  A gnoll shaman (D:8)
  A centaur skeleton (D:4)
  3 iguanas
  12 worker ants
  A hound skeleton (D:8)
  A worker ant zombie (D:6)
  11 adders
  10 gnolls
  3 shadow imps
  A dart slug (D:1)
  7 leopard geckos
  28 orcs
  2 giant cockroaches
  6 hobgoblins
  5 jackals
  3 quokkas
  A bat (D:1)
  3 frilled lizards
  A goblin (D:2)
  A jackal zombie (D:6)
  10 kobolds
  A quokka skeleton (D:5)
183 creatures vanquished.

Vanquished Creatures (others)
  A slave (D:4)
  A hound (D:4)
  A worm (D:4)
  3 jackals (D:4)
6 creatures vanquished.

Grand Total: 189 creatures vanquished

Notes
Turn   | Place    | Note
-------+----------+-------------------------------------------
     0 | D:1      | Flugslaktarn the Deep Dwarf Fighter began the quest for the
                  | Orb.
     0 | D:1      | Reached XP level 1. HP: 20/20 MP: 1/1
    17 | D:1      | Reached XP level 2. HP: 16/27 MP: 2/2
    81 | D:2      | Reached skill level 3 in Axes
   154 | D:2      | Reached XP level 3. HP: 29/33 MP: 3/3
   308 | D:4      | Found a staircase to the Ecumenical Temple.
   311 | D:4      | Reached XP level 4. HP: 28/42 MP: 4/4
   316 | Temple   | Entered the Ecumenical Temple
   406 | Temple   | Became a worshipper of Makhleb the Destroyer
   469 | D:4      | Noticed an ogre
   473 | D:4      | Noticed an ice beast
   480 | D:4      | Killed an ogre
   480 | D:4      | Reached skill level 4 in Axes
   480 | D:4      | Reached skill level 1 in Invocations
   480 | D:4      | Reached XP level 5. HP: 30/49 MP: 4/6
   494 | D:4      | Killed an ice beast
   494 | D:4      | Reached XP level 6. HP: 34/56 MP: 5/7
   542 | D:4      | Noticed a slave
   542 | D:4      | Noticed a slave
   542 | D:4      | Noticed a slave
   543 | D:4      | Noticed Pikel
   543 | D:4      | Noticed a slave
   582 | D:4      | Killed Pikel
   582 | D:4      | Reached skill level 5 in Axes
   582 | D:4      | Reached skill level 5 in Armour
   582 | D:4      | Reached skill level 5 in Shields
   582 | D:4      | Reached XP level 7. HP: 37/64 MP: 6/8
   826 | D:4      | Reached skill level 6 in Axes
   882 | D:4      | Found a sparkling altar of Nemelex Xobeh.
  1208 | D:4      | You fall into a shaft and drop 1 floor!
  1208 | D:5      | Entered Level 5 of the Dungeon
  1246 | D:5      | Found a sparkling altar of Nemelex Xobeh.
  1469 | D:5      | Reached XP level 8. HP: 68/73 MP: 6/8
  1927 | D:5      | Reached * piety under Makhleb
  2205 | D:6      | Found Caocig's Book Boutique.
  2303 | D:6      | Reached skill level 7 in Axes
  2869 | D:7      | Reached skill level 5 in Invocations
  2896 | D:7      | Found an iron altar of Okawaru.
  2945 | D:7      | Found Wabosaech's Antique Armour Shoppe.
  3029 | D:7      | Reached skill level 5 in Fighting
  3462 | D:7      | Identified a scroll of acquirement
  3462 | D:7      | Identified the +6 executioner's axe of Sunlight {drain,
                  | rElec} (You acquired it on level 7 of the Dungeon)
  3521 | D:8      | Gained mutation: You passively map the area around you.
                  | [Deep Dwarf growth]
  3521 | D:8      | Reached XP level 9. HP: 76/81 MP: 10/10
  3548 | D:8      | Reached skill level 8 in Axes
  3974 | D:8      | Reached ** piety under Makhleb
  4308 | D:9      | Reached skill level 9 in Axes
  4363 | D:9      | Reached *** piety under Makhleb
  4369 | D:9      | Reached XP level 10. HP: 85/91 MP: 12/12
  4411 | D:9      | Found a staircase to the Orcish Mines.
  4628 | D:9      | Reached skill level 10 in Axes
  4677 | D:9      | Noticed a gargoyle
  4691 | D:9      | Killed a gargoyle
  4928 | D:10     | Entered Level 10 of the Dungeon
  5065 | D:10     | Reached **** piety under Makhleb
  5520 | D:11     | Noticed a skeletal warrior
  5522 | D:11     | Noticed a skeletal warrior
  5525 | D:11     | Noticed a skeletal warrior
  5526 | D:11     | Noticed a skeletal warrior
  5527 | D:11     | Noticed a skeletal warrior
  5535 | D:11     | Noticed a two-headed ogre
  5557 | D:11     | Found a shimmering blue altar of Sif Muna.
  5562 | D:11     | Slain by a skeletal warrior

Levels and vault maps discovered:
D:1:      saegor_arrival_simple_b, layout_basic, minmay_misc_feat_roman
D:2:      layout_loops_corners, uniq_jessica, uniq_terence,
          uniq_crazy_yiuf_cottage
D:3:      layout_basic, lemuel_coloured_pillars_altar, portal_sewer_entry_d,
          gammafunk_ghost_cemetery
D:4:      layout_basic, minmay_temple_entry_grid, first_ration,
          minmay_misc_feat_four_crosses, minmay_misc_feat_doors,
          grunt_decor_one_mirror, nemelex_spade_bored_becter, uniq_pikel
D:5:      layout_loops_corners, nemelex_xobeh_ov_fountains_minmay
D:6:      layout_basic, serial_shops, shop_fountains, due_unseen_surprise
D:7:      layout_basic, serial_shops, shop, grunt_ogre_cave, okawaru_trees_2
D:8:      layout_basic, minmay_quadrilaterals
D:9:      layout_irregular_city, erik_orc_4
D:10:     layout_irregular_city
D:11:     layout_cross, dpeg_lair_monsters, tgw_sif, uniq_erolcha
Temple:   minmay_crystal_snake_temple

Skill      XL: |  1  2  3  4  5  6  7  8  9 10 |
---------------+-------------------------------+-----
Axes           | 3 4 5 6 7 9 10 | 10.9
Fighting       | 3 4 5 6 |  6.9
Armour         | 4 5 6 7 8 |  8.3
Shields        | 4 5 6 |  6.2
Invocations    | 1 2 3 4 5 7 8 |  8.5

Action                   |  1- 3 |  4- 6 |  7- 9 | 10-12 || total
-------------------------+-------+-------+-------+-------++-------
Melee: War axe           |    52 |    56 |   269 |       ||   377
       Executioner's axe |       |       |    89 |   121 ||   210
 Abil: Heal Wounds       |     1 |     4 |     7 |     6 ||    18
  Use: Scroll            |       |       |    16 |     2 ||    18
  Eat: Chunk             |       |       |    16 |     5 ||    21
Armor: Scale mail        |    21 |    19 |    22 |       ||    62
       Plate armour      |       |       |   217 |   135 ||   352
Dodge: Dodged            |    17 |    21 |   103 |    48 ||   189
Block: Kite shield       |    32 |    29 |   139 |       ||   200

Table legend:
 A = Non-vault XP
 B = Vault XP
 C = Vault XP percentage of total XP
 D = Non-vault monster count
 E = Vault monster count
 F = Vault count percentage of total count
                 A         B        C        D         E       F
            +---------+---------+-------+---------+---------+-------
      Total |    7260 |    1525 |  17.4 |     164 |      19 |  10.4
            +---------+---------+-------+---------+---------+-------
        D:1 |      19 |       0 |   0.0 |      10 |       0 |   0.0
        D:2 |      24 |       0 |   0.0 |       6 |       0 |   0.0
        D:3 |      22 |       0 |   0.0 |       6 |       0 |   0.0
        D:4 |     527 |     651 |  55.3 |      18 |       1 |   5.3
        D:5 |     447 |       0 |   0.0 |      17 |       0 |   0.0
        D:6 |     533 |       0 |   0.0 |      19 |       0 |   0.0
        D:7 |     409 |     125 |  23.4 |      15 |       1 |   6.2
        D:8 |     718 |     341 |  32.2 |      24 |       4 |  14.3
        D:9 |    2854 |     408 |  12.5 |      29 |      13 |  31.0
       D:10 |     898 |       0 |   0.0 |      13 |       0 |   0.0
       D:11 |     809 |       0 |   0.0 |       7 |       0 |   0.0
            +---------+---------+-------+---------+---------+-------
